TOP OF THE 1ST |
Grand Rapids Dutch Ovens batting - Pitching for Long Beach KO : LHP Gerardo Vázquez
|
Pitching: LHP Gerardo Vázquez
|
|
Batting: RHB José Wills
|
0-0: Fly out, F9 (Flyball, 89D)
|
Batting: RHB Jason Philip
|
0-0: Foul Ball, location: 2F 0-1: Ball 1-1: Ball 2-1: Swinging Strike 2-2: Ball 3-2: Strikes out looking
|
Batting: SHB John May
|
0-0: Called Strike 0-1: Called Strike 0-2: Foul Ball, location: 2F 0-2: Ball 1-2: Fly out, F3 (Popup, 3L)
|
Top of the 1st over - 0 run(s), 0 hit(s), 0 error(s), 0 left on base; Grand Rapids 0 - Long Beach 0 |
BOTTOM OF THE 1ST |
Long Beach KO batting - Pitching for Grand Rapids Dutch Ovens : RHP Orlando García
|
Pitching: RHP Orlando García
|
|
Batting: RHB Ben Simpson
|
0-0: Bunt missed! 0-1: Ball 1-1: Foul Ball, location: 2F 1-2: Ball 2-2: SINGLE (Line Drive, 5D)
|
Batting: LHB Juan Ortíz
|
0-0: Ball 1-0: Ball 2-0: Ball 3-0: Called Strike 3-1: Foul Ball, location: 2F 3-2: Foul Ball, location: 2F 3-2: Foul Ball, location: 2F 3-2: Foul Ball, location: 2F 3-2: Reached on error, E4 (Groundball, 34) Ben Simpson to second
|
Batting: RHB Júlio Rodríguez
|
0-0: Called Strike 0-1: Ground out 5-3 (Groundball, 56S) Ben Simpson to third Juan Ortíz to second
|
Batting: RHB José González
|
0-0: Called Strike 0-1: Ball 1-1: Ball 2-1: Foul Ball, location: 2F 2-2: Foul Ball, location: 2F 2-2: Strikes out swinging
|
Batting: RHB Tim Torres
|
0-0: Ground out 6-3 (Groundball, 6)
|
Bottom of the 1st over - 0 run(s), 1 hit(s), 1 error(s), 2 left on base; Grand Rapids 0 - Long Beach 0 |
TOP OF THE 2ND |
Grand Rapids Dutch Ovens batting - Pitching for Long Beach KO : LHP Gerardo Vázquez
|
Batting: RHB Weldon Bell
|
0-0: Foul Ball, location: 2F 0-1: Called Strike 0-2: Ball 1-2: Ball 2-2: Fly out, F9 (Flyball, 89S)
|
Now in RF: Ryan Campbell
|
|
Batting: RHB António Aguilera
|
0-0: Foul Ball, location: 2F 0-1: Called Strike 0-2: Fly out, F8 (Flyball, 8LD)
|
Batting: SHB Karl Webster
|
0-0: Ball 1-0: Swinging Strike 1-1: Called Strike 1-2: Strikes out swinging
|
Top of the 2nd over - 0 run(s), 0 hit(s), 0 error(s), 0 left on base; Grand Rapids 0 - Long Beach 0 |
BOTTOM OF THE 2ND |
Long Beach KO batting - Pitching for Grand Rapids Dutch Ovens : RHP Orlando García
|
Batting: LHB John Lynch
|
0-0: Called Strike 0-1: DOUBLE (Flyball, 7)
|
Batting: RHB Cal Cox
|
0-0: Ball 1-0: Ball John Lynch steals 3rd base 2-0: Ground out 6-3 (Groundball, 6) John Lynch scores
|
Batting: LHB Gabriel Estrada
|
0-0: Ball 1-0: Ball 2-0: Called Strike 2-1: Ball 3-1: Base on Balls
|
Batting: RHB Miguel Rodríguez
|
0-0: Swinging Strike 0-1: Ball Gabriel Estrada is caught stealing 2nd base 1-1: Called Strike 1-2: Foul Ball, location: 2F 1-2: Foul Ball, location: 2F 1-2: Strikes out swinging
|
Bottom of the 2nd over - 1 run(s), 1 hit(s), 0 error(s), 0 left on base; Grand Rapids 0 - Long Beach 1 |
TOP OF THE 3RD |
Grand Rapids Dutch Ovens batting - Pitching for Long Beach KO : LHP Gerardo Vázquez
|
Batting: RHB Ismael Mojica
|
0-0: Called Strike 0-1: Called Strike 0-2: Ball 1-2: Foul Ball, location: 2F 1-2: Strikes out swinging
|
Batting: RHB Carlos Salas
|
0-0: Called Strike 0-1: Fly out, F9 (Flyball, 89M)
|
Batting: SHB Joe Emery
|
0-0: Ball 1-0: Swinging Strike 1-1: Ball 2-1: Swinging Strike 2-2: Foul Ball, location: 2F 2-2: Ball 3-2: Strikes out swinging
|
Top of the 3rd over - 0 run(s), 0 hit(s), 0 error(s), 0 left on base; Grand Rapids 0 - Long Beach 1 |
BOTTOM OF THE 3RD |
Long Beach KO batting - Pitching for Grand Rapids Dutch Ovens : RHP Orlando García
|
Batting: RHB Ben Simpson
|
0-0: Called Strike 0-1: Ball 1-1: Ball 2-1: Bunted foul 2-2: Ball 3-2: SINGLE (Groundball, 6D)
|
Batting: LHB Juan Ortíz
|
0-0: Foul Ball, location: 2F 0-1: Ball 1-1: Foul Ball, location: 2F 1-2: Foul Ball, location: 2F 1-2: Ball 2-2: SINGLE (Line Drive, 78S) Ben Simpson to second
|
Batting: RHB Ryan Campbell
|
0-0: Ball 1-0: Called Strike 1-1: Fly out, F5 (Line Drive, 5)
|
Batting: RHB José González
|
0-0: Called Strike 0-1: Ground out U3 (Groundball, 3S) Ben Simpson to third Juan Ortíz to second
|
Batting: RHB Tim Torres
|
0-0: Ball 1-0: Ground out 3-1 (Groundball, 34)
|
Bottom of the 3rd over - 0 run(s), 2 hit(s), 0 error(s), 2 left on base; Grand Rapids 0 - Long Beach 1 |
TOP OF THE 4TH |
Grand Rapids Dutch Ovens batting - Pitching for Long Beach KO : LHP Gerardo Vázquez
|
Batting: RHB José Wills
|
0-0: Ball 1-0: Called Strike 1-1: Foul Ball, location: 2F 1-2: Strikes out swinging
|
Batting: RHB Jason Philip
|
0-0: Called Strike 0-1: Fly out, F6 (Popup, 6)
|
Batting: SHB John May
|
0-0: Ball 1-0: Called Strike 1-1: Ball 2-1: Ground out 5-3 (Groundball, 56)
|
Top of the 4th over - 0 run(s), 0 hit(s), 0 error(s), 0 left on base; Grand Rapids 0 - Long Beach 1 |
BOTTOM OF THE 4TH |
Long Beach KO batting - Pitching for Grand Rapids Dutch Ovens : RHP Orlando García
|
Batting: LHB John Lynch
|
0-0: Foul Ball, location: 2F 0-1: Called Strike 0-2: SINGLE (Groundball, 34D)
|
Batting: RHB Cal Cox
|
0-0: Ball 1-0: Called Strike 1-1: Foul Ball, location: 2F 1-2: Strikes out swinging
|
Batting: LHB Gabriel Estrada
|
0-0: Ball 1-0: Called Strike 1-1: Ball 2-1: Ball 3-1: Called Strike 3-2: SINGLE (Groundball, 6MD) John Lynch to second
|
Batting: RHB Miguel Rodríguez
|
0-0: Swinging Strike 0-1: Ball 1-1: Swinging Strike 1-2: Ball 2-2: Foul Ball, location: 2F 2-2: Foul Ball, location: 2F 2-2: Strikes out swinging
|
Batting: RHB Ben Simpson
|
0-0: Ball 1-0: Swinging Strike 1-1: Called Strike 1-2: Ball 2-2: Foul Ball, location: 2F 2-2: Fly out, F9 (Flyball, 9S)
|
Bottom of the 4th over - 0 run(s), 2 hit(s), 0 error(s), 2 left on base; Grand Rapids 0 - Long Beach 1 |
TOP OF THE 5TH |
Grand Rapids Dutch Ovens batting - Pitching for Long Beach KO : LHP Gerardo Vázquez
|
Batting: RHB Weldon Bell
|
0-0: Ground out 6-3 (Groundball, 6)
|
Batting: RHB António Aguilera
|
0-0: Foul Ball, location: 2F 0-1: Ball 1-1: Swinging Strike 1-2: Fly out, F9 (Flyball, 9LM)
|
Batting: SHB Karl Webster
|
0-0: Called Strike 0-1: Foul Ball, location: 2F 0-2: Strikes out looking
|
Top of the 5th over - 0 run(s), 0 hit(s), 0 error(s), 0 left on base; Grand Rapids 0 - Long Beach 1 |
BOTTOM OF THE 5TH |
Long Beach KO batting - Pitching for Grand Rapids Dutch Ovens : RHP Orlando García
|
Batting: LHB Juan Ortíz
|
0-0: Ball 1-0: Called Strike 1-1: Ball 2-1: Ground out 4-3 (Groundball, 4)
|
Batting: RHB Ryan Campbell
|
0-0: Ball 1-0: Ball 2-0: Ground out 4-3 (Groundball, 4)
|
Batting: RHB José González
|
0-0: Ball 1-0: Ball 2-0: Called Strike 2-1: SINGLE (Line Drive, 7S)
|
Batting: RHB Tim Torres
|
0-0: Ball 1-0: Called Strike 1-1: Foul Ball, location: 2F 1-2: SINGLE (Groundball, 56D) José González to second
|
Batting: LHB John Lynch
|
0-0: Swinging Strike 0-1: Called Strike 0-2: Foul Ball, location: 2F 0-2: Ball 1-2: Foul Ball, location: 2F 1-2: Foul Ball, location: 2F 1-2: Ball 2-2: Foul Ball, location: 2F 2-2: Ball 3-2: Ground out 6-3 (Groundball, 6)
|
Bottom of the 5th over - 0 run(s), 2 hit(s), 0 error(s), 2 left on base; Grand Rapids 0 - Long Beach 1 |
TOP OF THE 6TH |
Grand Rapids Dutch Ovens batting - Pitching for Long Beach KO : LHP Gerardo Vázquez
|
Batting: RHB Ismael Mojica
|
0-0: Ball 1-0: Called Strike 1-1: SINGLE (Flyball, 8LS)
|
Batting: RHB Carlos Salas
|
0-0: Ball 1-0: Ball 2-0: Foul Ball, location: 2F 2-1: Ball 3-1: Called Strike 3-2: Base on Balls Ismael Mojica to second
|
Batting: SHB Joe Emery
|
0-0: Ball 1-0: Ball 2-0: Called Strike 2-1: Fielders Choice at 2nd, 1-4 (Groundball, 15S) Ismael Mojica to third
|
Batting: RHB José Wills
|
0-0: Ball 1-0: Foul Ball, location: 2F 1-1: Swinging Strike 1-2: Foul Ball, location: 2F 1-2: Fly out, F8 (Flyball, 8LD) Runner from 3rd tags up, SCORES, no throw
|
Batting: RHB Jason Philip
|
0-0: Called Strike 0-1: Swinging Strike 0-2: Ball 1-2: Strikes out swinging
|
Top of the 6th over - 1 run(s), 1 hit(s), 0 error(s), 1 left on base; Grand Rapids 1 - Long Beach 1 |
BOTTOM OF THE 6TH |
Long Beach KO batting - Pitching for Grand Rapids Dutch Ovens : RHP Orlando García
|
Batting: RHB Cal Cox
|
0-0: Foul Ball, location: 2F 0-1: Called Strike 0-2: Ball 1-2: Ball 2-2: Ball 3-2: Base on Balls
|
Pitching: LHP Sancho Espinoza
|
|
Batting: LHB Gabriel Estrada
|
0-0: Swinging Strike 0-1: Swinging Strike 0-2: Ball 1-2: Strikes out looking
|
Batting: RHB Miguel Rodríguez
|
0-0: Called Strike 0-1: Ball 1-1: Called Strike 1-2: Foul Ball, location: 2F 1-2: Ball 2-2: Foul Ball, location: 2F 2-2: Ball 3-2: Foul Ball, location: 2F 3-2: Ground out 6-3 (Groundball, 6S) Cal Cox to second
|
Batting: RHB Ben Simpson
|
0-0: Swinging Strike 0-1: Called Strike 0-2: Reached on error, E6 (Groundball, 6) Cal Cox to third
|
Batting: LHB Juan Ortíz
|
0-0: SINGLE (Groundball, 34D) Cal Cox scores Ben Simpson to second Runner from 2nd tries for 3rd, SAFE, no throw
|
Batting: RHB Ryan Campbell
|
0-0: Called Strike 0-1: Ball 1-1: Fly out, F5 (Line Drive, 5)
|
Bottom of the 6th over - 1 run(s), 1 hit(s), 1 error(s), 2 left on base; Grand Rapids 1 - Long Beach 2 |
TOP OF THE 7TH |
Grand Rapids Dutch Ovens batting - Pitching for Long Beach KO : LHP Gerardo Vázquez
|
Batting: SHB John May
|
0-0: Ball 1-0: Fly out, F7 (Flyball, 7D)
|
Pitching: RHP Carl Morris
|
|
Batting: RHB Weldon Bell
|
0-0: Ball 1-0: Fly out, F9 (Flyball, 9LM)
|
Batting: RHB António Aguilera
|
0-0: Ball 1-0: Ball 2-0: Foul Ball, location: 2F 2-1: Ball 3-1: Foul Ball, location: 2F 3-2: Strikes out swinging
|
Top of the 7th over - 0 run(s), 0 hit(s), 0 error(s), 0 left on base; Grand Rapids 1 - Long Beach 2 |
BOTTOM OF THE 7TH |
Long Beach KO batting - Pitching for Grand Rapids Dutch Ovens : LHP Sancho Espinoza
|
Batting: RHB José González
|
0-0: Fly out, F7 (Flyball, 78M)
|
Batting: RHB Tim Torres
|
0-0: Ball 1-0: Ball 2-0: Ground out 5-3 (Groundball, 56)
|
Pitching: RHP Jacob Edwards
|
|
Batting: LHB John Lynch
|
0-0: SINGLE (Line Drive, 89S)
|
Pinch Hitting: RHB Rich Crabtree
|
0-0: Called Strike 0-1: Ball 1-1: Called Strike 1-2: Ball 2-2: Fielders Choice at 2nd, 6-4 (Groundball, 6)
|
Bottom of the 7th over - 0 run(s), 1 hit(s), 0 error(s), 0 left on base; Grand Rapids 1 - Long Beach 2 |
TOP OF THE 8TH |
Grand Rapids Dutch Ovens batting - Pitching for Long Beach KO : RHP Carl Morris
|
Pitching: LHP Tim Bowles
|
|
Now at 2B: Jorge Molina
|
|
Batting: SHB Karl Webster
|
0-0: Ball 1-0: Ball 2-0: Ball 3-0: Called Strike 3-1: Base on Balls
|
Pitching: RHP Zier Budding
|
|
Pinch Runner at 1st Phil Poole:
|
|
Pinch Hitting: LHB Abel Wheeler
|
0-0: Ball 1-0: Called Strike 1-1: Called Strike 1-2: Ball 2-2: Foul Ball, location: 2F 2-2: Strikes out looking and he ARGUES THE CALL AND IS TOSSED!
|
Batting: RHB Carlos Salas
|
0-0: Ball 1-0: Swinging Strike 1-1: Foul Ball, location: 2F 1-2: Ball 2-2: Ball 3-2: Fly out, F8 (Flyball, 8LM)
|
Batting: SHB Joe Emery
|
0-0: Ball 1-0: Ball 2-0: Ball 3-0: Called Strike 3-1: Called Strike 3-2: Base on Balls Phil Poole to second
|
Batting: RHB José Wills
|
0-0: Ball 1-0: SINGLE (Flyball, 9LS) Phil Poole to third Joe Emery to second Runner from 3rd tries for Home, SAFE, no throw
|
Pinch Hitting: RHB Bobby Hendricks
|
0-0: Swinging Strike 0-1: Ball 1-1: Ball Passed Ball! Joe Emery to third José Wills to second 2-1: Swinging Strike 2-2: Foul Ball, location: 2F 2-2: Ball 3-2: Strikes out looking
|
Top of the 8th over - 1 run(s), 1 hit(s), 0 error(s), 2 left on base; Grand Rapids 2 - Long Beach 2 |
BOTTOM OF THE 8TH |
Long Beach KO batting - Pitching for Grand Rapids Dutch Ovens : RHP Jacob Edwards
|
Now at 1B: Bobby Hendricks
|
|
Now in LF: Phil Poole
|
|
Now in RF: James Gibbons
|
|
Pinch Hitting: SHB Albert Flores
|
0-0: Called Strike 0-1: Hit by Pitch
|
Batting: RHB Miguel Rodríguez
|
0-0: Called Strike 0-1: Bunted foul 0-2: Strikes out looking
|
Batting: RHB Ben Simpson
|
0-0: Ball 1-0: Called Strike 1-1: Ball 2-1: Foul Ball, location: 2F 2-2: Fly out, F3 (Popup, 3L)
|
Batting: LHB Juan Ortíz
|
0-0: Ball 1-0: Called Strike 1-1: Foul Ball, location: 2F 1-2: SINGLE (Flyball, 7LM) Albert Flores to second Albert Flores to third
|
Pinch Hitting: SHB Troy Abreu
|
0-0: Called Strike 0-1: Ball 1-1: Swinging Strike 1-2: Ball 2-2: SINGLE (Groundball, 34D) Albert Flores scores Juan Ortíz to second Throwing error, E9 Juan Ortíz scores Troy Abreu to second
|
Batting: RHB José González
|
0-0: Ball 1-0: Ball 2-0: Ball 3-0: Called Strike 3-1: Base on Balls
|
Batting: RHB Tim Torres
|
0-0: Ball 1-0: SINGLE (Flyball, 9S) Troy Abreu to third José González to second Runner from 3rd tries for Home, SAFE, no throw
|
Batting: LHB John Lynch
|
0-0: Ball 1-0: Swinging Strike 1-1: Ball 2-1: Ground out 6-3 (Groundball, 6MS)
|
Bottom of the 8th over - 3 run(s), 3 hit(s), 1 error(s), 2 left on base; Grand Rapids 2 - Long Beach 5 |
TOP OF THE 9TH |
Grand Rapids Dutch Ovens batting - Pitching for Long Beach KO : RHP Zier Budding
|
Pitching: RHP Clay White
|
|
Now in LF: Albert Flores
|
|
Now in CF: Troy Abreu
|
|
Batting: SHB John May
|
0-0: Called Strike 0-1: Ball 1-1: Foul Ball, location: 2F 1-2: Strikes out looking
|
Batting: RHB Weldon Bell
|
0-0: Ball 1-0: Swinging Strike 1-1: Ball 2-1: Swinging Strike 2-2: SINGLE (Flyball, 8LS)
|
Batting: RHB António Aguilera
|
0-0: Fly out, F8 (Flyball, 8RM)
|
Batting: RHB Phil Poole
|
0-0: Ball 1-0: Ball 2-0: Fielders Choice at 2nd, 6-4 (Groundball, 6)
|
Top of the 9th over - 0 run(s), 1 hit(s), 0 error(s), 0 left on base; Grand Rapids 2 - Long Beach 5 |
|